Map: [ESL] Post-Youth

Players

ShaDoWn

  • Race: Protoss Protoss
  • Spawn Location: 1:00

HeroMarine - Winner!

  • Race: Terran Terran
  • Spawn Location: 7:00

Event: ESL SC2 Masters 2024 Spring (Regional)

VOD

Have the link to the VOD?

Description

Time

  • Played on: April 18, 2024, 9:17 a.m.
  • Length: 8:52

All games in this series

Show
View Real Time Build Order
Export as new Build Order

ShaDoWn Protoss 

Build Orders: 1 Gate Expand 

Get SALT Encoding   

  12  0:00  Probe  
  13  0:12  Probe  
  14  0:19  Pylon  
  14  0:24  Probe  
  15  0:29  Assimilator  
  15  0:37  Probe (Chrono Boost)  
  16  0:44  Gateway  
  16  0:49  Probe (Chrono Boost)  
  17  0:54  Probe (Chrono Boost)  
  18  1:03  Probe  
  19  1:15  Probe  
  20  1:23  Nexus  
  20  1:33  Cybernetics Core  
  20  1:36  Probe  
  21  1:43  Assimilator  
  21  1:48  Probe  
  21  1:52  Pylon  
  22  2:00  Probe  
  23  2:07  Adept (Chrono Boost)  
  23  2:11  Robotics Facility  
  23  2:14  Probe  
  26  2:26  Probe  
  26  2:29  Robotics Facility  
  27  2:37  Probe  
  28  2:38  Probe  
  28  2:42  Warp Gate (Chrono Boost)  
  29  2:49  Probe  
  29  2:51  Probe  
  31  2:57  Immortal (Chrono Boost)  
  31  3:01  Probe  
  38  3:26  Immortal (Chrono Boost)  
  42  3:28  Gateway  
  42  3:29  Warp Prism (Chrono Boost)  
  42  3:34  Gateway  
  42  3:39  Probe  
  42  3:40  Probe  
  44  3:43  Pylon  
  44  3:51  Observer (Chrono Boost), Probe  
  46  3:58  Pylon  
  46  4:01  Probe  
  45  4:07  Shield Battery  
  47  4:10  Warp Prism (Chrono Boost)  
  47  4:16  Immortal (Chrono Boost)  
  51  4:26  Probe  
  51  4:27  Stalker x2  
  52  4:32  Probe  
  52  4:36  Pylon  
  49  4:38  Probe  
  49  4:41  Stalker  
  49  4:44  Probe  
  53  4:54  Zealot x2  
  53  4:55  Probe  
  53  4:59  Probe  
  59  5:06  Stalker  
  61  5:07  Probe  
  61  5:11  Shield Battery  
  61  5:12  Shield Battery  
  60  5:18  Stalker x2  
  60  5:22  Probe  
  60  5:23  Immortal (Chrono Boost)  
  60  5:26  Probe  
  64  5:34  Assimilator  
  64  5:35  Assimilator  
  60  5:36  Stalker  
  60  5:41  Zealot x2  
  66  5:43  Probe  
  67  5:51  Pylon  
  67  5:59  Probe  
  67  6:01  Stalker  
  70  6:18  Stalker x2  
  74  6:27  Probe  
  61  6:34  Nexus, Probe  
  61  6:37  Pylon, Twilight Council  
  61  6:39  Probe, Forge  
  63  6:46  Probe  
  68  6:52  Probe  
  69  6:58  Probe, Gateway  
  69  6:59  Gateway  
  70  7:03  Sentry  
  70  7:04  Sentry, Stalker  
  72  7:10  Shield Battery  
  72  7:12  Probe  
  72  7:13  Templar Archives  
  73  7:16  Probe  
  74  7:24  Probe  
  74  7:25  Shield Battery  
  74  7:27  Pylon, Photon Cannon  
  74  7:37  Pylon  
  74  7:40  Pylon  
  74  7:45  Stalker x2  
  74  7:47  Probe  
  74  7:50  Gateway  
  79  7:57  Probe  
  76  8:04  Pylon  
  70  8:08  Stalker x3  
  70  8:11  Zealot  
  68  8:33  Nexus  
  68  8:34  High Templar x2  
  68  8:39  Zealot x2  
  76  8:46  Archon  
Show
View Real Time Build Order
Export as new Build Order

HeroMarine Terran - Winner!

Build Orders: Cyclone Opening, Reaper Expand 

Get SALT Encoding   

  12  0:00  SCV  
  13  0:12  SCV  
  14  0:17  Supply Depot  
  14  0:24  SCV  
  15  0:39  SCV  
  15  0:40  Barracks  
  16  0:44  Refinery  
  16  0:51  SCV  
  17  1:03  SCV  
  18  1:15  SCV  
  19  1:27  Orbital Command, Reaper  
  20  1:42  Command Center  
  20  1:49  Supply Depot  
  20  1:53  SCV  
  21  1:59  Marine  
  22  2:05  SCV  
  23  2:09  Factory  
  23  2:17  SCV  
  23  2:18  Refinery  
  23  2:21  Barracks Reactor  
  24  2:29  SCV  
  25  2:41  SCV  
  26  2:53  SCV, Cyclone  
  26  2:54  Orbital Command  
  26  2:57  Marine x2  
  31  3:03  Starport  
  31  3:05  SCV  
  32  3:15  Marine x2  
  32  3:17  SCV  
  32  3:19  SCV  
  36  3:25  Widow Mine  
  38  3:29  SCV  
  38  3:30  Supply Depot  
  38  3:32  SCV, Marine  
  38  3:33  Marine  
  42  3:39  Medivac  
  44  3:41  SCV  
  44  3:44  SCV  
  44  3:45  Barracks  
  44  3:47  Factory Tech Lab  
  46  3:51  Marine x2  
  46  3:54  SCV  
  46  3:55  Supply Depot  
  49  3:56  SCV  
  49  3:58  Barracks  
  50  4:06  SCV  
  50  4:08  SCV, Siege Tank  
  51  4:18  SCV  
  51  4:20  SCV, Marine x2  
  52  4:30  SCV  
  50  4:35  SCV  
  50  4:37  Barracks Tech Lab  
  51  4:40  Siege Tank  
  54  4:46  Supply Depot  
  54  4:47  Barracks Tech Lab, Engineering Bay  
  54  4:53  Supply Depot  
  54  4:57  Supply Depot, Refinery  
  54  5:01  SCV x2, Marine  
  54  5:03  Marine x2  
  54  5:07  Marine  
  53  5:08  Stimpack  
  53  5:12  Siege Tank  
  56  5:14  SCV x2  
  56  5:18  Marine  
  56  5:21  Marine x2  
  54  5:26  SCV x2  
  58  5:30  Terran Infantry Weapons Level 1  
  58  5:31  Marine  
  58  5:35  Refinery  
  59  5:36  Marine  
  59  5:38  SCV x2  
  59  5:39  Marine  
  59  5:40  Starport Reactor, Marine  
  64  5:45  Missile Turret x2  
  64  5:49  Marine  
  65  5:50  SCV  
  65  5:51  Siege Tank  
  65  5:54  Marine  
  65  5:57  Marine  
  70  5:59  SCV, Supply Depot  
  70  6:01  Marine  
  70  6:04  Supply Depot  
  73  6:07  Marine  
  73  6:10  SCV  
  75  6:11  SCV  
  75  6:12  Marine  
  75  6:14  Marine  
  73  6:19  Marine  
  73  6:23  Siege Tank  
  73  6:24  Marine  
  74  6:25  SCV  
  74  6:26  SCV  
  74  6:30  Marine  
  74  6:32  Marine  
  74  6:37  Marine  
  74  6:39  Supply Depot  
  76  6:41  Medivac  
  76  6:42  Marine  
  76  6:44  Medivac  
  81  6:48  Marine  
  81  6:50  Marine  
  83  6:55  Siege Tank, Marine  
  83  7:00  Marine  
  88  7:05  Marine  
  88  7:08  Marine  
  92  7:11  Medivac, Combat Shield  
  92  7:12  Supply Depot  
  92  7:13  Marine  
  92  7:15  Medivac  
  95  7:18  Marine  
  96  7:23  Marine, Missile Turret  
  96  7:26  Marine  
  96  7:27  Command Center  
  98  7:30  Marine  
  98  7:33  Siege Tank  
  98  7:34  SCV x2  
  100  7:45  Medivac  
  100  7:46  SCV x2  
  104  7:58  SCV x2  
  102  8:02  Marine x2  
  102  8:03  Marine x2  
  102  8:05  Siege Tank  
  100  8:10  SCV x2  
  99  8:14  Supply Depot, Barracks x2  
  99  8:19  Marine  
  99  8:20  Marine  
  99  8:25  Marauder x2  
  109  8:33  Ghost Academy  
Tags
 
Add a new tag
Caveats
  • Supply blocks, unpowered buildings, or Contaminate may cause inaccurate times.
  • Supply counts are checked every 10 seconds.